 Dungeon Crawl Stone Soup version 0.31-a0-831-g143b1e81fc (webtiles) character file.

Game seed: 2513704845804192139

10347 Leeroy the Mimic (level 11, -7/104 HPs)
             Began as a Troll Shapeshifter on Sept 24, 2023.
             Was a Priest of Wu Jian.
             Mangled by a minotaur
             ... wielding a +0 great sword
              (11 damage)
             ... in a Gauntlet.
             The game lasted 00:21:48 (10025 turns).

Leeroy the Mimic (Troll Shapeshifter)              Turns: 10025, Time: 00:21:49

Health: -7/104     AC:  6    Str: 28      XL:     11   Next: 35%
Magic:  10/10      EV: 10    Int:  3 (6)  God:    Wu Jian [***...]
Gold:   624        SH:  0    Dex:  9      Spells: 10/10 levels left

rFire   . .          .
                       - Unarmed
rCold   . . .        (no shield)
rNeg    . . .        a - melded +0 animal skin
rPois   .            (helmet restricted)
rElec   .            (no cloak)
rCorr   .            (gloves unavailable)
SInv    .            (boots unavailable)
Will    .....        Q - amulet of regeneration
Stlth   +            j - +4 ring of protection
HPRegen 1.97/turn    B - ring of flight
MPRegen 0.12/turn

%: no teleportation
@: maw-form, weak-willed, flying, invisible
A: devouring maw, large, unfitting armour, claws 3, regeneration 1, shaggy fur
1, tough skin 1
a: Begin Untransformation, Renounce Religion, Wall Jump, Serpent's Lash


You were in a Gauntlet.
You worshipped Wu Jian.
Wu Jian was most pleased with you.
You were a creature with a mouth for a stomach.
You visited 2 branches of the dungeon, and saw 13 of its levels.
You also visited: Gauntlet.

You collected 624 gold pieces.

Inventory:

Hand Weapons
 b - the +1 short sword "Muck" {flame, rCorr}
   (You found it on level 6 of the Dungeon)

   rCorr:     It protects you from acid and corrosion.
 w - a +3 spectral club
 C - the +9 rapier "Aubergine" {elec, *Rage rPois rF+ Stlth+}
   (You found it on level 7 of the Dungeon)

   rF+:       It protects you from fire.
   rPois:     It protects you from poison *Rage: It berserks you when you make
   melee attacks (+20% chance).
   Stlth+:    It makes you more stealthy.
Missiles
 t - 10 poisoned darts
 K - 2 throwing nets
Armour
 a - a +0 animal skin (melded)
 n - a +0 cloak
 N - an orb of mayhem
Magical Staves
 F - a staff of earth
 I - a staff of cold
Jewellery
 h - a ring of ice
 j - a +4 ring of protection (left claw)
 l - an amulet of reflection
 q - the ring "Juociz" {Int+2 Dex+6}
   (You found it in a Gauntlet)

   [ring of dexterity]

   Int+2:     It affects your intelligence (+2).
   Dex+6:     It affects your dexterity (+6).
 B - a ring of flight (right claw)
 G - an amulet of faith
 Q - an amulet of regeneration (around neck)
Talismans
 c - a beast talisman
 d - a flux talisman
 z - a maw talisman (active)
 H - a blade talisman
Wands
 v - a wand of quicksilver (16)
 E - a wand of flame (10)
 J - a wand of charming (10)
 L - a wand of roots (4)
 O - a wand of polymorph (4)
Scrolls
 e - 5 scrolls of fog
 i - 2 scrolls of enchant armour
 k - 2 scrolls of revelation
 u - a scroll of noise
 x - a scroll of vulnerability
 y - 3 scrolls of enchant weapon
 A - a scroll of torment
 D - a scroll of amnesia
Potions
 f - a potion of attraction
 g - 3 potions of resistance
 m - a potion of curing
 o - a potion of invisibility
 p - 2 potions of magic
 r - 3 potions of ambrosia {unknown}
 M - a potion of enlightenment
 P - a potion of brilliance {unknown}


   Skills:
 - Level 5.5 Fighting
 - Level 3.0 Dodging
 - Level 6.1 Unarmed Combat
 + Level 14.4 Shapeshifting


You had 10 spell levels left.
You didn't know any spells.
Your spell library contained the following spells:

 Spells                   Type           Power      Damage    Failure   Level
 Apportation              Tloc           0%         N/A       52%         1
 Slow                     Hex            0%         N/A       52%         1
 Cigotuvi's Dreadful Rot  Necr/Pois/Air  0%         N/A       67%         2
 Jinxbite                 Hex            0%         N/A       67%         2
 Confusing Touch          Hex            0%         N/A       88%         3
 Ignite Poison            Fire/Tmut/Pois 0%         N/A       88%         3
 Sigil of Binding         Hex            0%         N/A       88%         3
 Vampiric Draining        Necr           0%         2d6       88%         3
 Alistair's Intoxication  Tmut/Pois      0%         N/A       100%        5
 Freezing Cloud           Conj/Ice/Air   0%         6-21      100%        5
 Chain Lightning          Conj/Air       0%         N/A       100%        9
 Fire Storm               Conj/Fire      0%         5d1       100%        9
 Shatter                  Erth           0%         3d5*      100%        9


Dungeon Overview and Level Annotations

Branches:
Dungeon (13/15)            Temple (1/1) D:4            Lair (0/5) D:9
Gauntlet (1/1)
    Orc: D:9-12      Vaults: D:13-14

Altars:
Ashenzari
Cheibriados
Dithmenos
Elyvilon
Fedhas
Gozag
Hepliaklqana
Kikubaaqudgha
Makhleb
Nemelex Xobeh
Okawaru
Qazlal
Ru
Sif Muna
Trog
Uskayaw
Vehumet
Wu Jian
Xom
Yredelemnul
Zin
The Shining One

Annotations:
D:12 2 transporters, Adeuro's ghost, journeyman TeSu Gauntlet 7 transporters, 1 runed translucent door


Innate Abilities, Weirdness & Mutations

You are a creature with a mouth for a stomach.
Your midsection houses a second, enormous mouth.
You are too large for most types of armour.
You have claws for hands.
Your natural rate of healing is unusually fast.
You are covered in fur. (AC +1)
You have tough skin. (AC +1)


Message History

The minotaur resists with almost no effort.
The grasping roots constrict the minotaur.
The roots release their grip on the minotaur.
The minotaur is engulfed in poison gas.
The minotaur looks even sicker.
You claw the minotaur!
You bite the minotaur, but do no damage.
The minotaur is lightly wounded.
The minotaur is engulfed in poison gas.
The minotaur looks even sicker.
The minotaur hits you with a +0 great sword!!
The minotaur gores you.
Unknown command.
Okay, then.
Okay, then.
Aiming: Polymorph
Press: ? - help, Shift-Dir - straight line, f/p - minotaur
Aim: a minotaur, wielding a +0 great sword, wearing a +0 plate armour and quivering silver javelins (poison gas, lightly wounded, very poisoned, weak-willed, will become an emperor scorpion, an eleionoma, or a storm dragon, chance to affect: 23%)
Okay, then.
You scratch the minotaur but do no damage.
Your bite misses the minotaur.
The minotaur is lightly wounded.
The minotaur looks as sick as possible!
The minotaur hits you with a +0 great sword!
The minotaur gores you but does no damage.
You barely miss the minotaur. You bite the minotaur!
The minotaur is moderately wounded.
The minotaur is engulfed in poison gas.
The minotaur looks as sick as possible!
The minotaur barely misses you. The minotaur gores you!
* * * LOW HITPOINT WARNING * * *
You scratch the minotaur.
The minotaur is moderately wounded.
The minotaur is engulfed in poison gas.
The minotaur looks as sick as possible!
The minotaur hits you with a +0 great sword!
* * * LOW HITPOINT WARNING * * *
The minotaur barely misses you.
You fade into invisibility!
The minotaur is engulfed in poison gas.
The minotaur looks as sick as possible!
The minotaur hits you with a +0 great sword!
* * * LOW HITPOINT WARNING * * *
The minotaur gores you!
You die...

*,* **+### *,§○§#**
***,§§☼+,* *,+⌠§§§***
***,§∩,* ###########§###
###########H######*
#####§☼☼§§W§§§§☼§☼*
#####§###§###☼###§*
#####..○§§.......,*
#######○###.###.#**
#######§###.###.*****
###...§.........,,,,*
###.♣☼♣.©.©.©.©.♣.*,*
###.§§............,,* ##
#####################*###
###


You could see a minotaur (unable to see you, extremely poisoned, weak-willed).

Vanquished Creatures
  A catoblepas (Gauntlet)
  A boulder beetle (D:12)
  A two-headed ogre (D:8)
  An orange crystal statue (Gauntlet)
  2 gargoyles (Gauntlet)
  Jeremiah (D:9)
  2 hornets
  Prince Ribbit (D:5)
  2 trolls
  The ghost of AceOff the Insei, an amateur DsSh (D:4)
  Sigmund (D:6)
  3 centaur simulacra (Gauntlet)
  2 wyverns
  8 yaks
  Grum (D:9)
  Edmund (D:5)
  3 water moccasins
  Duvessa (D:5)
  4 orc warriors
  2 sky beasts
  2 black bears
  An ogre (D:5)
  2 wolves (D:9)
  A centaur (D:8)
  A kobold brigand (D:9)
  A phantom (D:4)
  A bullfrog (D:8)
  2 gnoll sergeants
  6 scorpions
  3 wights (D:8)
  A hornet simulacrum (Gauntlet)
  Dowan (D:5)
  6 killer bees (D:9)
  A howler monkey (D:6)
  5 jellies
  3 hounds (D:5)
  5 orc priests
  4 iguanas
  2 sleepcaps (D:6)
  Ijyb (D:4)
  Natasha (thrice) (D:2)
  10 orc wizards
  11 gnolls
  5 adders
  3 white imps
  A worm (D:3)
  A dart slug (D:2)
  27 orcs
  2 ball pythons
  5 bats
  9 endoplasms
  2 giant cockroaches
  8 goblins
  4 hobgoblins
  8 kobolds
  3 quokkas
  4 frilled lizards
  5 rats
199 creatures vanquished.

Notes
Turn   | Place    | Note
-------+----------+-------------------------------------------
     0 | D:1      | Leeroy the Troll Shapeshifter began the quest for the Orb.
     0 | D:1      | Reached XP level 1. HP: 18/18 MP: 0/0
   432 | D:1      | Reached XP level 2. HP: 24/26 MP: 1/1
  1349 | D:2      | Noticed Natasha
  1354 | D:2      | Killed Natasha
  1355 | D:2      | Reached skill level 4 in Shapeshifting
  1355 | D:2      | Reached XP level 3. HP: 32/32 MP: 2/2
  1710 | D:2      | Noticed Natasha
  1720 | D:2      | Killed Natasha
  1721 | D:2      | Reached XP level 4. HP: 23/40 MP: 3/3
  1773 | D:2      | Noticed Natasha
  1778 | D:2      | Killed Natasha
  1779 | D:2      | Reached skill level 5 in Shapeshifting
  2072 | D:3      | Found an iron altar of Okawaru.
  2222 | D:3      | Reached XP level 5. HP: 46/46 MP: 4/4
  2550 | D:4      | Noticed a phantom
  2566 | D:4      | Killed a phantom
  2567 | D:4      | Reached skill level 5 in Unarmed Combat
  2567 | D:4      | Reached XP level 6. HP: 50/54 MP: 5/5
  2697 | D:4      | Noticed Ijyb
  2704 | D:4      | Killed Ijyb
  2784 | D:4      | Found a large runed translucent door.
  2784 | D:4      | Found a large runed translucent door.
  2785 | D:4      | Noticed AceOff's ghost (amateur DsSh)
  3175 | D:4      | Found a staircase to the Ecumenical Temple.
  3202 | Temple   | Entered the Ecumenical Temple
  3209 | Temple   | Became a worshipper of the Wu Jian Council
  3413 | D:5      | Entered Level 5 of the Dungeon
  3451 | D:5      | Noticed Duvessa
  3464 | D:5      | Found a basalt altar of Yredelemnul.
  3477 | D:5      | Reached skill level 1 in Fighting
  3494 | D:5      | Noticed Prince Ribbit
  3506 | D:6      | Reached XP level 7. HP: 60/63 MP: 6/6
  3772 | D:5      | Noticed Dowan
  3783 | D:6      | Reached * piety under Wu Jian
  3815 | D:6      | Noticed Sigmund
  3853 | D:5      | Killed Prince Ribbit
  3854 | D:5      | Reached skill level 5 in Fighting
  3854 | D:5      | Reached XP level 8. HP: 56/81 MP: 7/7
  3949 | D:6      | Identified the +1 short sword "Muck" {flame, rCorr}
  3960 | D:6      | Found a glowing golden altar of the Shining One.
  3960 | D:6      | Found a burning altar of Makhleb.
  4923 | D:7      | Reached skill level 6 in Shapeshifting
  5023 | D:7      | Identified the +9 rapier "Aubergine" {elec, *Rage rPois rF+
                  | Stlth+}
  5219 | D:8      | Reached skill level 7 in Shapeshifting
  5231 | D:9      | Reached XP level 9. HP: 63/88 MP: 8/8
  5335 | D:9      | Reached skill level 8 in Shapeshifting
  5537 | D:9      | Noticed a troll
  5543 | D:9      | Killed a troll
  5544 | D:9      | Reached skill level 9 in Shapeshifting
  5578 | D:9      | Reached ** piety under Wu Jian
  5845 | D:8      | Reached skill level 10 in Shapeshifting
  5916 | D:8      | Noticed a +0 dagger
  5917 | D:8      | Noticed a +0 dagger
  5917 | D:8      | Noticed a +0 spear
  5918 | D:8      | Noticed a +0 falchion
  5919 | D:8      | Noticed a +0 short sword
  5919 | D:8      | Noticed a +0 falchion
  5919 | D:8      | Noticed a +0 short sword
  5924 | D:8      | Noticed a +0 spear
  5928 | D:8      | Found a hide-covered altar of Uskayaw.
  6018 | D:8      | Noticed a two-headed ogre
  6028 | D:7      | HP: 3/132 [hornet (7)]
  6692 | D:5      | Noticed Edmund
  6702 | D:5      | Reached XP level 10. HP: 83/96 MP: 9/9
  6714 | D:5      | Killed Edmund
  6832 | D:5      | Killed Dowan
  7128 | D:4      | Killed AceOff's ghost
  7129 | D:4      | Reached skill level 11 in Shapeshifting
  7829 | D:6      | Killed Sigmund
  8499 | D:5      | Killed Duvessa
  8624 | D:8      | Killed a two-headed ogre
  8863 | D:9      | Noticed Jeremiah
  8882 | D:9      | Killed Jeremiah
  8883 | D:9      | Reached skill level 12 in Shapeshifting
  8898 | D:9      | Noticed Grum
  8904 | D:9      | Killed Grum
  8921 | D:9      | Found a staircase to the Lair.
  9061 | D:9      | Found a radiant altar of Vehumet.
  9061 | D:9      | Found a blossoming altar of Fedhas.
  9237 | D:10     | Entered Level 10 of the Dungeon
  9259 | D:10     | Noticed a two-headed ogre
  9489 | D:10     | You are sucked into a shaft and drop 3 floors!
  9501 | D:13     | Noticed a centaur warrior
  9509 | D:12     | Noticed a cyclops
  9519 | D:12     | Noticed a boulder beetle
  9528 | D:12     | Killed a boulder beetle
  9529 | D:12     | Reached skill level 13 in Shapeshifting
  9563 | D:12     | Found a transporter.
  9566 | D:12     | Found a transporter.
  9566 | D:12     | Noticed Adeuro's ghost (journeyman TeSu)
  9569 | D:12     | Noticed a storm dragon
  9571 | D:12     | Noticed a fire dragon
  9582 | D:12     | Noticed a two-headed ogre
  9598 | D:12     | Reached XP level 11. HP: 104/104 MP: 10/10
  9618 | D:12     | HP: 4/104 [two-headed ogre/+0 giant spiked club (19)]
  9678 | D:12     | Found a gate leading to a gauntlet.
  9687 | Gauntlet | Entered a Gauntlet
  9687 | Gauntlet | Found a transporter.
  9692 | Gauntlet | Found a transporter.
  9693 | Gauntlet | Found a transporter.
  9710 | Gauntlet | Found a transporter.
  9712 | Gauntlet | Noticed an orange crystal statue
  9714 | Gauntlet | Noticed a green ugly thing
  9716 | Gauntlet | Found a transporter.
  9719 | Gauntlet | Found a transporter.
  9734 | Gauntlet | Noticed a great orb of eyes
  9736 | Gauntlet | Found a transporter.
  9742 | Gauntlet | Found a runed translucent door.
  9748 | Gauntlet | Noticed a purple ugly thing
  9749 | Gauntlet | Found a transporter.
  9750 | Gauntlet | Noticed a glowing orange brain
  9750 | Gauntlet | Noticed a cyan ugly thing
  9756 | Gauntlet | Noticed a hell beast
  9759 | Gauntlet | Found a transporter.
  9777 | Gauntlet | Found a transporter.
  9790 | Gauntlet | Found a transporter.
  9790 | Gauntlet | Found a transporter.
  9816 | Gauntlet | Noticed a catoblepas
  9830 | Gauntlet | Killed a catoblepas
  9830 | Gauntlet | Reached *** piety under Wu Jian
  9837 | Gauntlet | Reached skill level 14 in Shapeshifting
  9902 | Gauntlet | Found a transporter.
  9942 | Gauntlet | Killed an orange crystal statue
  9953 | Gauntlet | Identified the ring "Juociz" {Int+2 Dex+6}
 10016 | Gauntlet | Noticed a minotaur
 10025 | Gauntlet | HP: 4/104 [minotaur/+0 great sword (14)]
 10025 | Gauntlet | Mangled by a minotaur

Illustrated notes

Levels and vault maps discovered:
D:1:      amcnicky_arrival_flooded_fountain, layout_basic,
          minmay_misc_feat_plants, chequers_serial_rivers_room_a
D:2:      layout_loops_ring, uniq_natasha
D:3:      layout_basic, overflow_temple_1_default
D:4:      layout_gridville, lemuel_temple_firewalk_b,
          ebering_ghost_disaster_area, uniq_ijyb
D:5:      layout_rooms, yredelemnul_altar_generic, uniq_prince_ribbit1,
          uniq_duvessa, uniq_edmund
D:6:      layout_loops_ring, gammafunk_temple_overflow_elements, uniq_sigmund
D:7:      layout_basic
D:8:      layout_cave_pools, nicolae_uskayaw_en_pointe
D:9:      kennysheep_blocky_hall, layout_basic, gammafunk_temple_overflow_wave,
          grunt_lair_entry_orc_guard_hut, uniq_grum, uniq_jeremiah
D:10:     layout_basic, ebering_ghost_reflecting_pool, kennysheep_another_room
D:12:     layout_loops_cross, gauntlet_entry_generic, gammafunk_ghost_arena,
          tgw_xom
D:13:     layout_loops_cross, grunt_vaults_entry_tiered, zin_statuary,
          uniq_lodul, uniq_erolcha, uniq_frances
Temple:   nicolae_temple_superstar
Gauntlet: minmay_gauntlet_77_tree [minmay_gauntlet_arena_77_box,
          minmay_gauntlet_arena_77_two_lines, minmay_gauntlet_arena_77_squiggly,
          minmay_gauntlet_arena_77_mirror, minmay_gauntlet_arena_77_path,
          minmay_gauntlet_arena_77_double_cross,
          minmay_gauntlet_arena_77_checkered, gauntlet_exit_hidden_loot]

Skill      XL: |  1  2  3  4  5  6  7  8  9 10 11 |
---------------+----------------------------------+-----
Shapeshifting  | 4 5 7 10 13 14 | 14.4
Unarmed Combat | 5 6 |  6.1
Fighting       | 1 5 |  5.5
Dodging        | 3 |  3.0

Action                     |  1- 3 |  4- 6 |  7- 9 | 10-12 || total
---------------------------+-------+-------+-------+-------++-------
  Melee: Unarmed           |    66 |   104 |   237 |   190 ||   597
         Punch             |       |     1 |     7 |     8 ||    16
         Maw               |       |       |     5 |    78 ||    83
 Invoke: Serpent's Lash    |       |       |       |     1 ||     1
Ability: Lunge             |       |     1 |    20 |    14 ||    35
         Whirlwind         |       |       |     1 |    19 ||    20
         Wall Jump         |       |       |     1 |     4 ||     5
  Evoke: Wand              |       |       |     2 |    14 ||    16
    Use: Potion            |       |       |     3 |     5 ||     8
         Scroll            |       |       |     3 |    22 ||    25
   Stab: Sleeping          |     1 |       |       |       ||     1
 Armour: Animal skin       |    34 |    65 |   169 |       ||   268
         Skin              |       |       |    25 |   155 ||   180
  Dodge: Dodged            |    30 |    30 |    82 |    85 ||   227
   Form: Blade             |       |       |     1 |       ||     1
         Maw               |       |       |     1 |       ||     1

Table legend: (Time is in decaauts)
 A = Elapsed time spent in this place.
 B = Non-inter-level travel time spent in this place.
 C = Inter-level travel time spent in this place.
 D = Time resting spent in this place.
 E = Time spent auto-exploring this place.
 F = Levels seen in this place.
 G = Mean time per level.
                   A        B        C        D        E       F      G
               +--------+--------+--------+--------+--------+-----+--------+
         Total |   9993 |   8889 |   1104 |   1454 |   5474 |  14 |  713.8 |
       Dungeon |   9642 |   8538 |   1104 |   1417 |   5463 |  12 |  803.5 |
        Temple |     14 |     14 |      0 |      0 |      0 |   1 |   14.0 |
      Gauntlet |    337 |    337 |      0 |     37 |     11 |   1 |  337.0 |
               +--------+--------+--------+--------+--------+-----+--------+

Top non-repeatable levels by time:
     D:6: 1428 daAuts
     D:5: 1281 daAuts
     D:7: 1175 daAuts
     D:4: 1134 daAuts
     D:1: 1118 daAuts
     D:9: 1047 daAuts
     D:2: 780 daAuts
     D:3: 709 daAuts
     D:8: 610 daAuts
Gauntlet: 337 daAuts
    D:12: 177 daAuts
    D:10: 160 daAuts
    D:13: 18 daAuts
  Temple: 14 daAuts
